 Dungeon Crawl Stone Soup version 0.17.0-28-g6e173f8 (webtiles) character file.

144 Shizoidos the Cutter (level 5, -4/33 HPs)
             Began as a Kobold Berserker on Nov 22, 2015.
             Was a Priest of Trog.
             Slain by an orc priest
             ... wielding a +1 flail of protection
              (6 damage)
             ... on level 3 of the Dungeon.
             The game lasted 00:25:46 (2917 turns).

Shizoidos the Cutter (Kobold Berserker)             Turns: 2917, Time: 00:25:47

Health: -4/33      AC:  2    Str: 15    XL:     5   Next: 51%
Magic:  5/5        EV: 17    Int:  5    God:    Trog [***...]
Gold:   91         SH:  0    Dex: 17    Spells: 0 memorised, 4 levels left

rFire  . . .     SeeInvis .     a - +0 short sword
rCold  . . .     Clarity  .     b - +0 animal skin
rNeg   . . .     SustAt   .     (shield restricted)
rPois  .         Gourm    .     (no helmet)
rElec  .         Spirit   .     (no cloak)
rCorr  .         Warding  .     (no gloves)
rMut   .         Stasis   .     (no boots)
MR     .....                    (no amulet)
Stlth  ++........               (no ring)
                                (no ring)

@: slowed, very slow, not resistant to hostile enchantments, unstealthy
A: carnivore 3
a: Berserk, Trog's Hand, Burn Spellbooks, Renounce Religion


You were on level 3 of the Dungeon.
You worshipped Trog.
Trog was most pleased with you.
You were full.

You visited 1 branch of the dungeon, and saw 3 of its levels.

You collected 91 gold pieces.

Inventory:

Hand Weapons
 a - a +0 short sword (weapon)
 e - a +0 club
 h - a +0 whip
 n - a +0 club
 q - a +0 dagger
 t - a +0 spear
 w - a +0 dagger
 x - a +0 club
 y - a +1 dagger of freezing
 A - a +0 dagger
 C - a +0 club
 D - a +0 dagger
 F - a +2 dagger of freezing
 I - a +0 club
Missiles
 l - 58 stones (quivered)
 m - 14 sling bullets
 r - 6 tomahawks
 s - 45 bolts
Armour
 b - a +0 animal skin (worn)
 j - a cursed +0 robe
 k - a +0 chain mail
Jewellery
 o - an uncursed ring of protection from cold {unknown}
 z - an uncursed ring of flight {unknown}
Scrolls
 f - 2 scrolls of remove curse
 i - 3 scrolls of identify
 p - a scroll of recharging
 v - a scroll of noise {unknown}
 G - a scroll of fear {unknown}
Potions
 c - a potion of curing
 E - a potion of brilliance {unknown}
 H - a potion of might
Comestibles
 d - a slice of pizza
 u - a royal jelly
 B - 2 bread rations


   Skills:
 + Level 4.1 Fighting
 + Level 5.7 Short Blades
 + Level 1.6 Armour
 + Level 4.1 Dodging
 + Level 1.3 Stealth


You had 4 spell levels left.
You didn't know any spells.

Dungeon Overview and Level Annotations

Branches:
Dungeon (3/15)

Altars:
Gozag
Nemelex Xobeh


Innate Abilities, Weirdness & Mutations

You are small and have problems with some larger weapons.
You are carnivorous and can eat meat at any time.


Message History

The orc priest is severely wounded.
The orc priest misses you. The orc closely misses you.
The orc closely misses you.
You hit the orc priest but do no damage.
The orc priest is heavily wounded.
The orc completely misses you. The orc priest barely misses you.
The orc hits you but does no damage. The orc closely misses you.
You hit the orc priest but do no damage.
The orc priest is heavily wounded.
The orc priest barely misses you. The orc hits you with a club.
The orc closely misses you.
You hit the orc priest.
The orc priest is severely wounded.
The orc priest calls down the wrath of Beogh upon you.
Something smites you!
* * * LOW HITPOINT WARNING * * *
The orc closely misses you. The orc hits you.
* * * LOW HITPOINT WARNING * * *
The orc priest hits you with a flail of protection.
You die...

..#.# #.# #..........#
#####.#5# #.# #...)......#
#.....#.# #.###..........#
#......5# #..............#
#.......# #.####.####....#
#.......# #.##.....##..###
'......>########.#.......#.##
#..†..#.........o#.......#.#
#####.#.########@o..._.....#
#5#'### #...o#o......#.#
#...h.# #....#.......#.#
#.....# #....##.....##.#
#..5..# #....####.####.#
#.....# #..............#
#.....# #.........######
#.....# ########'## #.#'###
#.#


You could see an orc priest, an orc wizard and 2 orcs.

Vanquished Creatures
  Natasha (D:3)
  4 adders
  An ooze (D:1)
  4 worms
  2 orcs (D:3)
  5 bats
  3 giant cockroaches
  10 goblins
  10 hobgoblins
  8 kobolds
  A quokka (D:3)
  2 giant geckos
  3 giant newts
  6 jackals (D:1)
  6 rats
66 creatures vanquished.

Vanquished Creatures (others)
  A kobold (D:1)
  A giant newt (D:1)
2 creatures vanquished.

Grand Total: 68 creatures vanquished

Notes
Turn   | Place    | Note
--------------------------------------------------------------
     0 | D:1      | Shizoidos the Kobold Berserker began the quest for the Orb.
     0 | D:1      | Reached XP level 1. HP: 14/14 MP: 1/1
   106 | D:1      | Reached XP level 2. HP: 16/19 MP: 2/2
   568 | D:1      | Reached XP level 3. HP: 16/24 MP: 3/3
   688 | D:1      | Reached ** piety under Trog
  1398 | D:2      | Reached XP level 4. HP: 29/29 MP: 4/4
  1593 | D:2      | Reached skill level 5 in Short Blades
  2052 | D:2      | Found a sparkling altar of Nemelex Xobeh.
  2322 | D:3      | Reached XP level 5. HP: 25/33 MP: 5/5
  2384 | D:3      | Found an opulent altar of Gozag.
  2388 | D:3      | Reached *** piety under Trog
  2535 | D:3      | Reached skill level 1 in Stealth
  2551 | D:3      | Noticed Natasha
  2621 | D:3      | Killed Natasha
  2917 | D:3      | Slain by an orc priest

Action                   |  1- 3 |  4- 6 || total
-------------------------+-------+-------++-------
Melee: Short sword       |    93 |   183 ||   276
  Use: Potion            |     6 |     1 ||     7
       Scroll            |     2 |       ||     2
 Stab: Sleeping          |     5 |     3 ||     8
       Distracted        |       |     1 ||     1
  Eat: Meat ration       |     1 |     1 ||     2
